 Dungeon Crawl Stone Soup version 0.30-a0-605-gb2882149bf (webtiles) character file.

Game seed: 4396108781306664299

4818 cforsyth the Carver (level 10, -13/74 HPs)
             Began as a Demonspawn Delver on Jan 8, 2023.
             Was an Initiate of Gozag.
             Mangled by a large abomination (14 damage)
             ... on level 2 of the Abyss.
             The game lasted 00:25:21 (9443 turns).

cforsyth the Carver (Demonspawn Delver)             Turns: 9443, Time: 00:25:21

Health: -13/74     AC: 13    Str: 16 (19) XL:     10   Next: 24%
Magic:  0/18       EV: 11    Int: 11 (14) God:    Gozag
Gold:   880        SH:  0    Dex: 10 (12) Spells: 16/19 levels left

rFire   + . .      SeeInvis .    a - +0 falchion
rCold   . . .      Faith    .    (no shield)
rNeg    . . .      Spirit   +    l - +0 swamp dragon scales
rPois   +          Reflect  .    j - +0 helmet
rElec   .          Harm     .    E - +1 cloak
rCorr   .          Rampage  .    (no gloves)
Will    .....      Rage     3%   o - +0 pair of boots
Stlth   +                        n - amulet of the acrobat
HPRegen 0.32/turn                r - +6 ring of strength
MPRegen 0.32/turn                F - ring of protection from fire

@: on fire, attractive, glowing, unable to read
A: thin metallic scales 1, spiny 1, magic shield, magic regeneration, demonic
touch 2, berserk 1, [clumsy 2], [inability to read after injury 2]
a: Renounce Religion, Potion Petition, Call Merchant, Bribe Branch


You were on level 2 of the Abyss.
You worshipped Gozag.
Gozag was pleased with you.
You visited 2 branches of the dungeon, and saw 10 of its levels.
You visited the Abyss 1 time.

You collected 953 gold pieces.
You paid 73 gold pieces to Gozag.

Inventory:

Hand Weapons
 a - a +0 falchion (weapon)
Armour
 j - a +0 helmet (worn)
 l - +0 swamp dragon scales (worn)
 o - a +0 pair of boots (worn)
 u - a +1 pair of gloves
 B - a +0 leather armour
 E - a +1 cloak (worn)
Jewellery
 b - a ring of ice
 n - an amulet of the acrobat (around neck)
 r - a +6 ring of strength (left hand)
 F - a ring of protection from fire (right hand)
 J - an amulet of magic regeneration
Wands
 g - a wand of digging (3)
 C - a wand of paralysis (12)
 H - a wand of mindburst (6)
Scrolls
 c - 2 scrolls of fog
 d - 2 scrolls of magic mapping
 e - 3 scrolls of fear
 h - 4 scrolls of teleportation
 k - a scroll of silence
 v - a scroll of immolation
 y - a scroll of enchant armour
 A - a scroll of vulnerability {unknown}
 D - a scroll of poison {unknown}
 K - a scroll of enchant weapon {unknown}
Potions
 f - 2 potions of invisibility
 i - 3 potions of heal wounds
 m - 2 potions of resistance
 w - 2 potions of mutation
 G - 2 potions of ambrosia
 L - a potion of magic


   Skills:
 - Level 5.2 Fighting
 + Level 9.8 Long Blades
 - Level 4.2 Dodging
 - Level 4.5 Stealth
 - Level 5.4 Spellcasting
 + Level 3.2 Hexes
 - Level 5.5 Summonings


You had 16 spell levels left.
You knew the following spells:

 Your Spells              Type           Power      Damage    Failure   Level
a - Call Canine Familiar  Summ           15%        N/A       12%         3

Your spell library contained the following spells:

 Spells                   Type           Power      Damage    Failure   Level
 Summon Small Mammal      Summ           60%        N/A       4%          1
 Slow                     Hex            40%        N/A       11%         1
 Summon Guardian Golem    Hex/Summ       12%        N/A       19%         3
 Confusing Touch          Hex            10%        N/A       30%         3
 Tukima's Dance           Hex            10%        N/A       30%         3
 Freeze                   Ice            12%        1d3       36%         1
 Dazzling Flash           Conj/Hex       12%        N/A       52%         3
 Portal Projectile        Hex/Tloc       12%        N/A       52%         3
 Frozen Ramparts          Ice            6%         1d1       75%         3
 Hailstorm                Conj/Ice       3%         3d3       75%         3
 Vampiric Draining        Necr           3%         2d6       75%         3
 Silence                  Hex/Air        3%         N/A       99%         5
 Agony                    Necr           3%         N/A       100%        5
 Blade Hands              Tmut           1%         N/A       100%        5
 Irradiate                Conj/Tmut      1%         3d12      100%        5
 Conjure Ball Lightning   Conj/Air       1%         3x3d6     100%        6
 Dragon Form              Tmut           1%         N/A       100%        7
 Discord                  Hex            5%         N/A       100%        8
 Disjunction              Tloc           1%         N/A       100%        8


Dungeon Overview and Level Annotations

Branches:
Dungeon (9/15)             Temple (1/1) D:4
   Lair: D:8-11         Orc: D:9-12

Altars:
Dithmenos
Fedhas
Gozag
Okawaru
Sif Muna
Uskayaw
Wu Jian
Yredelemnul

Shops:
D:2 =(   D:7 [   D:8 *

Annotations:
D:6 2 runed translucent doors, soul19's ghost, novice DsFE
D:9 2 transporters, Erolcha; spardeous's ghost, novice FeEE


Innate Abilities, Weirdness & Mutations

You are partially covered in thin metallic scales. (AC +2)
You are partially covered in sharp spines.
When hurt, damage is shared between your health and your magic reserves.
You regenerate magic rapidly.
Your touch may inflict irresistible damage on your foes.
You sometimes lose your temper in combat.
[You are very clumsy. (Dex -4)]
[You sometimes lose the ability to read scrolls when taking damage.]


Message History

The sticky flame hits you but does no damage.
You are covered in liquid flames!
The cacodemon gestures at you.
You struggle to resist.
The large abomination hits you!!
* * * LOW HITPOINT WARNING * * *
It was a potion of might.
You feel very mighty all of a sudden.
You are covered in liquid flames!
* * * LOW HITPOINT WARNING * * *
You feel less confused.
The smoke demon is struck by your spines.
The smoke demon closely misses you.
The smoke demon hits you but does no damage.
The smoke demon barely misses you. The cacodemon gestures at you.
Strange energies course through your body.
You feel a little pissed off.
The smoke demon hits you but does no damage.
The smoke demon barely misses you. The smoke demon hits you.
* * * LOW HITPOINT WARNING * * *
The large abomination hits you but does no damage.
The cacodemon hits you.
* * * LOW HITPOINT WARNING * * *
The cacodemon closely misses you.
Unknown command.
It was a potion of cancellation.
You are no longer on fire.
Your magical effects are unravelling.
You feel magically purged.
You feel yourself speed up.
You float gracefully downwards.
You feel a little less mighty now.
You feel a little less clever now. The smoke demon gestures at you.
The sticky flame hits you but does no damage.
You are covered in liquid flames!
The cacodemon hits you but does no damage. x2
The large abomination is struck by your spines.
The large abomination hits you!
You die...
Your body crumbles into a pile of gold.

..# #X#.
... ..#
#.###
#..###
#.##.###
#X3@2..#
#.X##.## .
#..#. ....
#......##2
#.........
#.#### .
#. #. ..


You could see a cacodemon, 2 large abominations and a smoke demon.

Vanquished Creatures
  A two-headed ogre (D:7)
  A fire bat (Abyss:2)
  A steam dragon (D:8)
  An acid dragon (D:8)
  3 water moccasins
  4 orc warriors (D:9)
  A sky beast (D:6)
  A black bear (D:6)
  2 ogres
  3 centaurs
  A phantom (D:4)
  2 kobold brigands
  5 bullfrogs
  A gnoll sergeant (D:6)
  2 necrophages (D:7)
  2 scorpions
  8 wights
  10 killer bees
  2 howler monkeys (D:5)
  A hound (D:6)
  A jelly (D:5)
  5 orc priests
  3 iguanas
  10 orc wizards
  10 gnolls
  4 adders
  2 shadow imps (D:5)
  An ufetubus (D:5)
  2 worms
  6 dart slugs
  30 orcs
  7 ball pythons
  3 bats
  4 endoplasms
  A giant cockroach (D:1)
  5 goblins
  4 hobgoblins
  15 kobolds
  3 quokkas
  6 frilled lizards
  A rat (D:2)
175 creatures vanquished.

Vanquished Creatures (others)
  A wight (D:8)
  9 starspawn tentacles (Abyss:2)
10 creatures vanquished.

Grand Total: 185 creatures vanquished

Notes
Turn   | Place    | Note
-------+----------+-------------------------------------------
     0 | D:5      | cforsyth the Demonspawn Delver began the quest for the Orb.
     0 | D:5      | Reached XP level 1. HP: 18/18 MP: 1/1
   113 | D:5      | Noticed an iguana
   151 | D:4      | Noticed a phantom
   167 | D:4      | Gained mutation: Your touch may inflict minor irresistible
                  | damage on your foes. [demonic ancestry]
   167 | D:4      | Reached XP level 2. HP: 17/24 MP: 2/2
   429 | D:3      | Reached skill level 1 in Spellcasting
   429 | D:3      | Gained mutation: You are partially covered in sharp spines.
                  | [demonic ancestry]
   429 | D:3      | Reached XP level 3. HP: 30/30 MP: 2/4
   501 | D:3      | Gained mutation: You regenerate magic rapidly. [demonic
                  | ancestry]
   501 | D:3      | Reached XP level 4. HP: 37/37 MP: 5/5
  1852 | D:2      | Found Qumury's Antique Weapon Boutique.
  1961 | D:2      | Reached XP level 5. HP: 42/42 MP: 7/7
  2036 | D:2      | Found Miffufat's Jewellery Boutique.
  2876 | D:3      | Reached skill level 1 in Summonings
  3287 | D:4      | Reached XP level 6. HP: 49/49 MP: 9/9
  3481 | D:4      | Found a staircase to the Ecumenical Temple.
  3510 | Temple   | Entered the Ecumenical Temple
  3659 | Temple   | Became a worshipper of Gozag Ym Sagoz the Greedy
  4320 | D:5      | Reached skill level 5 in Fighting
  4320 | D:5      | Gained mutation: When hurt, damage is shared between your
                  | health and your magic reserves. [demonic ancestry]
  4320 | D:5      | Reached XP level 7. HP: 30/56 MP: 11/11
  5275 | D:6      | Reached XP level 8. HP: 29/62 MP: 10/14
  5387 | D:6      | Found a large runed translucent door.
  5388 | D:6      | Found a large runed translucent door.
  5391 | D:6      | Noticed soul19's ghost (novice DsFE)
  5545 | D:6      | Reached skill level 5 in Spellcasting
  5545 | D:6      | Reached skill level 5 in Summonings
  5766 | D:6      | Reached skill level 2 in Long Blades
  6066 | D:7      | Reached skill level 3 in Long Blades
  6166 | D:7      | Noticed a two-headed ogre
  6169 | D:7      | Reached skill level 4 in Long Blades
  6178 | D:7      | Killed a two-headed ogre
  6179 | D:7      | Reached skill level 6 in Long Blades
  6179 | D:7      | Gained mutation: Your touch may inflict irresistible damage
                  | on your foes. [demonic ancestry]
  6179 | D:7      | Reached XP level 9. HP: 10/68 MP: 3/17
  6437 | D:7      | Found Toveuq's Armour Shoppe.
  7022 | D:8      | Reached skill level 7 in Long Blades
  7051 | D:8      | Reached skill level 8 in Long Blades
  7125 | D:8      | Noticed a red ugly thing
  7641 | D:9      | Reached skill level 9 in Long Blades
  7715 | D:9      | Found a transporter.
  7720 | D:9      | Found a transporter.
  7720 | D:9      | Noticed spardeous's ghost (novice FeEE)
  7720 | D:9      | Noticed a queen bee
  7764 | D:9      | Noticed Erolcha
  8042 | D:9      | Learned a level 3 spell: Call Canine Familiar
  8085 | D:9      | Gained mutation: You are partially covered in thin metallic
                  | scales. (AC +2) [demonic ancestry]
  8085 | D:9      | Reached XP level 10. HP: 33/68 MP: 11/18
  8092 | D:9      | Reached skill level 1 in Hexes
  8097 | D:9      | Found a blossoming altar of Fedhas.
  8943 | D:8      | Found Hahuq's Assorted Antiques.
  9198 | Abyss:2  | Cast into level 2 of the Abyss (Erolcha)
  9241 | Abyss:2  | Noticed a wretched star
  9249 | Abyss:2  | Found a sacrificial altar of Ru.
  9250 | Abyss:2  | Found a sacrificial altar of Ru.
  9250 | Abyss:2  | Found a sacrificial altar of Ru.
  9253 | Abyss:2  | Noticed a large abomination
  9309 | Abyss:2  | Noticed a rakshasa
  9336 | Abyss:2  | Noticed a tentacled starspawn
  9348 | Abyss:2  | Noticed a large abomination
  9411 | Abyss:2  | Noticed a smoke demon
  9429 | Abyss:2  | Noticed a cacodemon
  9442 | Abyss:2  | Gained mutation: You sometimes lose your temper in combat.
                  | [a cacodemon]
  9442 | Abyss:2  | HP: 1/74 [cacodemon (4)]
  9443 | Abyss:2  | Mangled by a large abomination

Illustrated notes

Levels and vault maps discovered:
D:1:      heliophobic_arrival_glass_houses, layout_loops_ring
D:2:      layout_basic, serial_shops, nicolae_lakefront_shop,
          nicolae_diamond_shop
D:3:      layout_basic
D:4:      layout_cave_pools, minmay_temple_entry_enclosed_plants, sigmund_army
D:5:      layout_layer_cave
D:6:      layout_cave_pools, ebering_ghost_disaster_area, reono_crystal_passage
D:7:      layout_basic, serial_shops, shop, dk_noncrumbling_3
D:8:      layout_basic, xom_confusion_cloud, serial_shops,
          nicolae_stop_n_shop_1, minmay_pinched_square
D:9:      layout_small_grid, mainiacjoe_overflow_paths, gammafunk_ghost_hive,
          uniq_erolcha
Temple:   mainiacjoe_temple_big_plus
Abyss:2:  base: D:8, gammafunk_corrupted_shrine, evilmike_abyss_exit_kraken,
          hangedman_abyss_exit_choices, minivault_13

Skill      XL: |  1  2  3  4  5  6  7  8  9 10 |
---------------+-------------------------------+-----
Dodging        | 2 3 4 |  4.2
Spellcasting   | 1 2 3 4 5 |  5.4
Fighting       | 4 5 |  5.2
Summonings     | 1 2 4 5 |  5.5
Long Blades    | 6 9 |  9.8
Hexes          | 3 |  3.2
Stealth        | |  4.5

Action                   |  1- 3 |  4- 6 |  7- 9 | 10-12 || total
-------------------------+-------+-------+-------+-------++-------
Melee: Falchion          |    33 |   133 |   227 |    75 ||   468
       Touch             |     6 |    34 |    41 |    13 ||    94
       Punch             |     1 |     3 |     1 |     2 ||     7
 Cast: Call Canine Famil |       |       |       |     3 ||     3
Evoke: Wand              |       |       |     3 |       ||     3
  Use: Potion            |     1 |       |     1 |     8 ||    10
       Scroll            |       |       |     9 |     5 ||    14
 Stab: Sleeping          |       |     8 |     4 |     1 ||    13
       Distracted        |       |       |     1 |       ||     1
Armor: Leather armour    |     7 |     4 |       |       ||    11
       Swamp dragon scal |       |    30 |    84 |    40 ||   154
Dodge: Dodged            |    19 |    96 |   167 |   104 ||   386

Table legend: (Time is in decaauts)
 A = Elapsed time spent in this place.
 B = Non-inter-level travel time spent in this place.
 C = Inter-level travel time spent in this place.
 D = Time resting spent in this place.
 E = Time spent auto-exploring this place.
 F = Levels seen in this place.
 G = Mean time per level.
                   A        B        C        D        E       F      G
               +--------+--------+--------+--------+--------+-----+--------+
         Total |   9480 |   9161 |    319 |   2372 |   4579 |  11 |  861.8 |
       Dungeon |   9044 |   8764 |    280 |   2372 |   4473 |   9 | 1004.9 |
        Temple |    187 |    149 |     38 |      0 |    105 |   1 |  187.0 |
         Abyss |    248 |    248 |      0 |      0 |      1 |   1 |  248.0 |
               +--------+--------+--------+--------+--------+-----+--------+

Top non-repeatable levels by time:
     D:5: 1495 daAuts
     D:3: 1404 daAuts
     D:8: 1132 daAuts
     D:9: 1095 daAuts
     D:7: 1001 daAuts
     D:4: 771 daAuts
     D:6: 765 daAuts
     D:2: 749 daAuts
     D:1: 629 daAuts
 Abyss:2: 248 daAuts
  Temple: 187 daAuts
